 Dungeon Crawl Stone Soup version 0.32-a0-18-g89e19f1974 (webtiles) character file.

Game seed: 15987376099282232838

181253 AlmostDecent the Severer (level 18, -6/104 HPs)
             Began as a Vine Stalker Berserker on Jan 15, 2024.
             Was a High Priest of Trog.
             Shot with a bolt by a naga sharpshooter (15 damage)
             ... led by Vashnia
             ... on level 4 of the Snake Pit on Jan 17, 2024.
             The game lasted 02:27:39 (24757 turns).

AlmostDecent the Severer (Vine Stalker Berserker)  Turns: 24757, Time: 02:27:39

Health: -6/104     AC: 24    Str: 32    XL:     18   Next: 30%
Magic:  0/9        EV: 12    Int: 10    God:    Trog [*****.]
Gold:   2268       SH:  5    Dex: 14    Spells: 17/17 levels left

rFire   + + .        X - +3 broad axe (antimagic)
rCold   . . .        (no shield)
rNeg    . . .        J - +6 chain mail of the Solstice {Int+3}
rPois   +            B - +1 hat {SInv}
rElec   .            p - +0 cloak
rCorr   +            k - +0 pair of gloves
SInv    +            u - +0 pair of boots
Will    ++++.        d - amulet of reflection Stlth
                     F - ring "Hoxadd" {rF+ Str+6}
HPRegen 2.17/turn    D - ring "Pidu" {rPois rF+ rCorr MP+9}
MPRegen 0.11/turn

%: reflection, guardian spirit
@: strong-willed, regenerating, studying Dodging
A: fangs 3, regeneration 1, magic shield, antimagic bite, no potion heal 2,
clumsy 1
a: Renounce Religion, Berserk, Trog's Hand, Brothers in Arms


You were on level 4 of the Snake Pit.
You worshipped Trog.
Trog was extremely pleased with you.
You visited 4 branches of the dungeon, and saw 26 of its levels.
You also visited: Bailey, Gauntlet and Ice Cave.

You collected 3673 gold pieces.
You spent 1405 gold pieces at shops.

Inventory:

Hand Weapons
 h - a +2 heavy executioner's axe
 L - a +4 broad axe of freezing
 Q - a +2 battleaxe of flaming
 S - the +13 scythe of Curses {drain, curses, ^Drain}
   (You found it in an ice cave)

   ^Drain:    It drains your maximum health when unequipped.
 X - a +3 antimagic broad axe (weapon)
Missiles
 g - 2 throwing nets (quivered)
Armour
 k - a +0 pair of gloves (worn)
 l - a +3 scale mail of fire resistance
 p - a +0 cloak (worn)
 u - a +0 pair of boots (worn)
 B - a +1 hat of see invisible (worn)
 J - the +6 chain mail of the Solstice (worn) {Int+3}
   (You bought it in a shop on level 7 of the Dungeon)

   Int+3:     It affects your intelligence (+3).
 R - a +2 crystal plate armour of cold resistance
Jewellery
 d - an amulet of reflection (around neck)
 e - the ring "Wuko" {rPois rF+ Int+6 Dex-5}
   (You found it in a Gauntlet)

   [ring of intelligence]

   Int+6:     It affects your intelligence (+6).
   Dex-5:     It affects your dexterity (-5).
   rF+:       It protects you from fire.
   rPois:     It protects you from poison
 t - an amulet of magic regeneration
 D - the ring "Pidu" (right hand) {rPois rF+ rCorr MP+9}
   (You bought it in a shop on level 2 of the Orcish Mines)

   [ring of magical power]

   rF+:       It protects you from fire.
   rPois:     It protects you from poison MP+9: It affects your magic capacity
   (+9).
   rCorr:     It protects you from acid and corrosion.
 F - the ring "Hoxadd" (left hand) {rF+ Str+6}
   (You found it in a Gauntlet)

   [ring of protection from fire]

   Str+6:     It affects your strength (+6).
   rF+:       It protects you from fire.
 I - a +4 ring of protection
 K - a +6 ring of dexterity
 M - a ring of ice
Wands
 c - a wand of roots (2)
 i - a wand of flame (71)
 j - a wand of charming (25)
 m - a wand of polymorph (20)
 y - a wand of quicksilver (13)
 z - a wand of digging (7)
 A - a wand of mindburst (6)
Scrolls
 f - 2 scrolls of immolation
 n - 16 scrolls of teleportation
 w - 4 scrolls of enchant weapon
 x - a scroll of enchant armour
 C - 2 scrolls of poison
 N - a scroll of fear
 O - 5 scrolls of revelation
 P - a scroll of summoning
 T - a scroll of blinking
 Z - 2 scrolls of vulnerability
Potions
 a - 4 potions of curing
 b - a potion of magic
 o - a potion of invisibility
 q - 6 potions of enlightenment
 r - 8 potions of might
 s - 3 potions of ambrosia
 v - 11 potions of mutation
 E - 5 potions of cancellation
 G - 2 potions of resistance
 H - a potion of haste
 U - 2 potions of attraction


   Skills:
 * Level 15.2 Fighting
 * Level 20.5 Axes
 * Level 12.7 Armour
 + Level 7.0 Dodging
 + Level 4.3 Stealth
 + Level 3.5 Shields


You had 17 spell levels left.
You didn't know any spells.
Your spell library contained the following spells:

 Spells                   Type           Power      Damage    Failure   Level
 Searing Ray              Conj           0%         2d4       85%         2
 Stone Arrow              Conj/Erth      0%         3d7       97%         3
 Fulminant Prism          Conj/Alch      0%         3d5       100%        4
 Fireball                 Conj/Fire      0%         3d3       100%        5
 Freezing Cloud           Conj/Ice/Air   0%         6-21      100%        5


Dungeon Overview and Level Annotations

Branches:
Dungeon (15/15)            Temple (0/1) D:7            Lair (5/5) D:9
 Shoals (0/4) Lair:2        Snake (4/4) Lair:3        Slime (0/5) Lair:4
    Orc (2/2) D:9             Elf (0/3) Orc:2        Vaults (0/5) D:13
 Depths (0/4) D:15         Bailey (visited)           IceCv (visited)
Gauntlet (visited)

Altars:
Ashenzari
Dithmenos
Qazlal
Ru
Uskayaw
Vehumet
Wu Jian
Zin
The Shining One
Jiyva

Shops:
D:1 [   D:2 ***=[   D:7 =*(   D:13 :   Orc:2 (*[!!   Snake:2 ?

Annotations:
Lair:1 3 runed translucent doors, Pokonic1's ghost, journeyman VSBe
Snake:4 Vashnia
Orc:2 3 runed translucent doors, experimilk's ghost, journeyman TrGl


Innate Abilities, Weirdness & Mutations

You have razor-sharp teeth.
Your natural rate of healing is unusually fast.
When hurt, damage is shared between your health and your magic reserves.
Your bite disrupts and absorbs the magic of your enemies.
Potions cannot restore your health.
You are clumsy. (Dex -2)


Message History

The arrow hits Vashnia!!
The arrow freezes Vashnia!
The naga sharpshooter shoots a bolt.
The bolt hits you but does no damage.
The naga sharpshooter shoots a bolt.
The bolt hits you!
There is a stone staircase leading up, spattered with blood here.
Vashnia gestures wildly while chanting.
Vashnia blinks!
The naga sharpshooter spits poison at you.
The splash of poison hits you. You resist.
The naga sharpshooter shoots a bolt.
You block the bolt with an invisible shield... and reflect it back!
The bolt barely misses the naga sharpshooter.
The naga sharpshooter casts a spell.
The naga sharpshooter mumbles some strange words.
The naga sharpshooter magically shoots a bolt.
The bolt hits you!
The naga sharpshooter shoots an arrow.
The arrow hits you but does no damage.
The naga sharpshooter shoots a bolt.
The bolt hits you!
The naga sharpshooter casts a spell.
The naga sharpshooter magically shoots a bolt.
The bolt hits you but does no damage.
The naga sharpshooter shoots an arrow.
The arrow hits you but does no damage.
The naga sharpshooter shoots a bolt.
The bolt misses you.
The naga sharpshooter shoots a bolt.
The bolt misses you.
The naga sharpshooter shoots an arrow.
The arrow hits you but does no damage.
The naga sharpshooter spits poison at you.
The splash of poison hits you but does no damage.
You resist.
Vashnia shoots an arrow.
The arrow hits you! The arrow freezes you.
The naga sharpshooter casts a spell.
The naga sharpshooter magically shoots an arrow.
The arrow hits you.
The naga sharpshooter shoots a bolt.
The bolt hits you!!
The naga sharpshooter spits poison at you.
The splash of poison hits you. You resist.
* * * LOW HITPOINT WARNING * * *
The naga sharpshooter shoots a bolt.
The bolt barely misses you.
Vashnia shoots an arrow.
The arrow hits you!
* * * LOW HITPOINT WARNING * * *
The arrow freezes you.
* * * LOW HITPOINT WARNING * * *
The naga sharpshooter shoots a bolt.
The bolt hits you!
You die...

.NN#.........#
...#..N......
..#.........
#........NN.
#..........#
#.......#
#.....# #..@#
#...### ###


You could see Vashnia and 4 naga sharpshooters.

Vanquished Creatures
  2 nagarajas (Snake:2)
  Louise (D:14)
  3 orc warlords
  A minotaur (Gauntlet)
  A fire dragon (D:14)
  Fannar (D:10)
  4 hydras
  Erolcha (D:12)
  A salamander tyrant (Snake:2)
  Harold (D:11)
  2 rakshasas (D:15)
  A catoblepas (Lair:2)
  A death knight (D:13)
  Erica (D:10)
  3 boulder beetles
  4 centaur warriors
  4 two-headed ogres
  5 death yaks
  12 anacondas
  5 naga warriors
  4 orc high priests (Orc:2)
  3 shock serpents
  3 naga sharpshooters (Snake:2)
  2 occultists (Gauntlet)
  A skeletal warrior (D:13)
  4 salamander mystics
  Lodul (D:11)
  9 mana vipers
  A goliath frog (Lair:5)
  A glowing orange brain (D:15)
  An arcanist (D:13)
  Pikel (D:7)
  6 naga ritualists
  2 deep elf pyromancers
  2 bog bodies (IceCv)
  6 orc knights
  An oklob plant (Lair:4)
  4 cyclopes
  A glowing shapeshifter (D:15)
  3 manticores
  7 orc sorcerers
  6 elephants
  14 salamanders
  7 ugly things
  2 guardian serpents
  Joseph (D:10)
  3 kobold blastminers
  21 cane toads
  10 naga magi
  31 black mambas
  2 ice statues
  An unseen horror (shapeshifter) (D:13)
  A torpor snail (Lair:5)
  2 freezing wraiths
  2 unseen horrors
  A cane toad (shapeshifter) (D:13)
  A kobold demonologist (D:13)
  6 komodo dragons
  A gargoyle (D:12)
  An anaconda simulacrum (IceCv)
  4 rime drakes
  An ice devil (IceCv)
  4 trolls
  19 blink frogs
  3 tyrant leeches
  A hornet (D:10)
  2 polar bears
  Grinder (D:3)
  16 dream sheep
  A wind drake (Lair:2)
  Sigmund (D:3)
  7 slime creatures
  A shadow (D:10)
  6 wraiths
  A water elemental (D:15)
  8 wyverns
  2 dire elephant simulacra (IceCv)
  5 basilisks (Lair:5)
  41 yaks
  A death yak simulacrum (IceCv)
  4 wargs
  2 steam dragons (D:7)
  21 vampire mosquitoes
  An acid dragon (D:10)
  27 nagas
  2 swamp worms (Gauntlet)
  A harpy simulacrum (IceCv)
  15 water moccasins
  32 orc warriors
  4 ice beasts
  2 sky beasts
  A boggart (shapeshifter) (D:13)
  A laughing skull (D:11)
  12 ogres
  17 centaurs
  5 boggarts (D:14)
  3 lemures (D:7)
  2 kobold brigands
  12 bullfrogs
  4 scorpions
  5 cane toad simulacra (IceCv)
  A gnoll sergeant (D:7)
  3 two-headed ogre simulacra (IceCv)
  9 wights
  16 killer bees
  2 elephant simulacra (IceCv)
  3 electric eels
  6 howler monkeys
  2 jellies (D:5)
  4 hounds
  19 orc priests
  A gnoll bouda (D:8)
  2 sleepcaps (D:7)
  3 iguanas
  18 orc wizards
  Ijyb (D:4)
  Terence (D:3)
  6 hell rats (Lair:4)
  4 spriggan simulacra (IceCv)
  9 troll simulacra (IceCv)
  2 wolf simulacra (IceCv)
  8 gnolls
  5 naga simulacra (IceCv)
  7 adders
  4 shadow imps
  18 white imps
  5 ufetubi (IceCv)
  4 ribbon worms
  89 orcs
  4 ball pythons
  4 bats
  7 endoplasms
  8 giant cockroaches
  11 goblins
  8 hobgoblins
  4 jackals (D:4)
  22 kobolds
  6 quokkas
  A frilled lizard (D:3)
  5 rats
860 creatures vanquished.

Vanquished Creatures (collateral kills)
  Jorgrun (D:14)
  Aizul (Snake:1)
  4 orc warriors (Orc:2)
  An ogre (Orc:2)
  An orc priest (Orc:1)
  3 orcs (Orc:2)
11 creatures vanquished.

Vanquished Creatures (others)
  A wight (D:10)
  An ufetubus (IceCv)
  An orc (D:10)
3 creatures vanquished.

Grand Total: 874 creatures vanquished

Notes
Turn   | Place    | Note
-------+----------+-------------------------------------------
     0 | D:1      | AlmostDecent the Vine Stalker Berserker began the quest for
                  | the Orb.
     0 | D:1      | Reached XP level 1. HP: 11/11 MP: 2/2
    87 | D:1      | Reached XP level 2. HP: 16/16 MP: 3/3
   103 | D:1      | Reached skill level 3 in Axes
   275 | D:1      | Found a faded altar of an unknown god.
   329 | D:1      | Found Xikku's Antique Armour Shoppe.
   499 | D:2      | Reached XP level 3. HP: 20/20 MP: 2/4
   567 | D:2      | Found Kiefaok's Jewellery Shop.
   576 | D:2      | Found Zuzesk's Antique Armour Shoppe.
   680 | D:2      | Found Eluanlaj's Assorted Antiques.
   698 | D:2      | Found Qoqesy's Assorted Antiques.
   768 | D:2      | Reached ** piety under Trog
   779 | D:2      | Found Vegi's Assorted Antiques.
  1060 | D:3      | Noticed Terence
  1076 | D:3      | Killed Terence
  1077 | D:3      | Reached XP level 4. HP: 24/24 MP: 3/5
  1435 | D:3      | Noticed Sigmund
  1498 | D:3      | Reached skill level 4 in Axes
  1511 | D:3      | Killed Sigmund
  1512 | D:3      | Reached skill level 5 in Axes
  1512 | D:3      | Reached XP level 5. HP: 28/28 MP: 6/6
  1512 | D:3      | Reached XP level 6. HP: 32/32 MP: 7/7
  1705 | D:3      | Noticed Grinder
  1714 | D:3      | Killed Grinder
  1715 | D:3      | Reached XP level 7. HP: 37/37 MP: 6/8
  1755 | D:3      | Reached skill level 6 in Axes
  2287 | D:1      | Bought an ichor-stained scale mail for 171 gold pieces
  2287 | D:1      | Identified the +5 scale mail of the Morning Star {Dex+2}
                  | (You bought it in a shop on level 1 of the Dungeon)
  2486 | D:4      | Reached skill level 1 in Stealth
  2575 | D:4      | Noticed Ijyb
  2599 | D:4      | Killed Ijyb
  2715 | D:4      | You fall into a shaft and drop 2 floors!
  2773 | D:6      | Reached skill level 7 in Axes
  2773 | D:6      | Reached skill level 1 in Shields
  2782 | D:6      | Gained mutation: You have razor-sharp teeth. [Vine Stalker
                  | growth]
  2782 | D:6      | Reached XP level 8. HP: 42/42 MP: 7/9
  2978 | D:6      | Got the Dissertation on Underground Arcane Combat
  3022 | D:6      | Reached skill level 8 in Axes
  3370 | D:5      | Entered Level 5 of the Dungeon
  3857 | D:5      | Reached XP level 9. HP: 46/46 MP: 10/10
  3941 | D:2      | Bought a fading chain mail for 228 gold pieces
  3941 | D:2      | Identified the +0 chain mail of Farfalle {rElec Dex+5} (You
                  | bought it in a shop on level 2 of the Dungeon)
  4085 | D:5      | Reached *** piety under Trog
  4268 | D:5      | Reached skill level 9 in Axes
  4477 | D:7      | Noticed Pikel
  4488 | D:7      | Killed Pikel
  4631 | D:7      | Found Uniem's Weapon Boutique.
  4729 | D:7      | Found a staircase to the Ecumenical Temple.
  4753 | D:7      | Reached skill level 10 in Axes
  4754 | D:7      | Found Vuhemn's Assorted Antiques.
  4865 | D:7      | Reached skill level 5 in Fighting
  4865 | D:7      | Reached XP level 10. HP: 51/51 MP: 11/11
  4932 | D:7      | Reached skill level 11 in Axes
  5019 | D:7      | Found Taur's Jewellery Shop.
  5365 | D:8      | Reached skill level 12 in Axes
  5480 | D:8      | Found a broken altar of Ashenzari.
  5507 | D:8      | Reached **** piety under Trog
  5578 | D:8      | Reached skill level 13 in Axes
  5586 | D:8      | Noticed a rakshasa
  5612 | D:9      | Noticed a cyclops
  5627 | D:9      | Killed a cyclops
  5752 | D:9      | Found a staircase to the Lair.
  5794 | D:9      | Reached XP level 11. HP: 56/56 MP: 12/12
  5806 | D:9      | Found a staircase to the Orcish Mines.
  5900 | D:9      | Reached skill level 14 in Axes
  5921 | D:9      | Found a flagged portal.
  5930 | Bailey   | Entered a bailey
  5962 | Bailey   | Noticed an orc warlord
  6098 | Bailey   | Found a runed translucent gate.
  6102 | Bailey   | Found a runed translucent gate.
  6103 | Bailey   | Found a runed translucent gate.
  6387 | D:9      | Reached ***** piety under Trog
  6509 | D:7      | Bought a crude chain mail for 247 gold pieces
  6509 | D:7      | Identified the +6 chain mail of the Solstice {Int+3} (You
                  | bought it in a shop on level 7 of the Dungeon)
  6964 | D:10     | Entered Level 10 of the Dungeon
  7039 | D:10     | Found a glowing golden altar of the Shining One.
  7039 | D:10     | Found a glowing silver altar of Zin.
  7039 | D:10     | Found an ornate altar of the Wu Jian Council.
  7052 | D:10     | Found a stormy altar of Qazlal.
  7055 | D:10     | Found a hide-covered altar of Uskayaw.
  7097 | D:10     | Found a radiant altar of Vehumet.
  7137 | D:10     | Noticed Fannar
  7155 | D:10     | Killed Fannar
  7156 | D:10     | Reached skill level 15 in Axes
  7156 | D:10     | Reached skill level 5 in Armour
  7231 | D:10     | Noticed Erica
  7242 | D:10     | Killed Erica
  7293 | D:10     | Noticed a two-headed ogre
  7300 | D:10     | Killed a two-headed ogre
  7349 | D:10     | Noticed Joseph
  7361 | D:10     | Killed Joseph
  7611 | D:11     | Noticed Harold
  7624 | D:11     | Killed Harold
  7874 | D:2      | Bought a scroll labelled BUC ZOTTAIM for 27 gold pieces
  7889 | D:2      | Bought a scroll of identify for 38 gold pieces
  7889 | D:2      | Bought a scroll of identify for 38 gold pieces
  8077 | Lair:1   | Entered Level 1 of the Lair of Beasts
  8081 | Lair:1   | Found a runed translucent gate.
  8081 | Lair:1   | Found a runed translucent gate.
  8081 | Lair:1   | Found a runed translucent gate.
  8149 | Lair:1   | Noticed Pokonic1's ghost (journeyman VSBe)
  8255 | Lair:1   | Reached XP level 12. HP: 45/63 MP: 11/13
  8998 | Lair:2   | Noticed a catoblepas
  9014 | Lair:2   | Killed a catoblepas
  9045 | Lair:2   | HP: 3/65 [cane toad (6)]
  9178 | Lair:2   | Found a staircase to the Shoals.
  9304 | Lair:2   | Noticed an eight-headed hydra
  9312 | Lair:2   | Killed a six-headed hydra
  9889 | Lair:2   | Reached skill level 5 in Dodging
  9955 | Lair:3   | Reached XP level 13. HP: 70/70 MP: 14/14
 10035 | Lair:2   | Reached skill level 10 in Fighting
 10418 | Lair:3   | Found a frozen archway.
 10440 | Lair:3   | Received a gift from Trog
 10450 | IceCv    | Entered an ice cave
 10718 | IceCv    | Found the +13 scythe of Curses {drain, curses, ^Drain}
 10900 | IceCv    | Reached skill level 16 in Axes
 11088 | Lair:3   | Found a staircase to the Snake Pit.
 11465 | Lair:4   | You fall into a shaft and drop 1 floor!
 11465 | Lair:5   | Entered Level 5 of the Lair of Beasts
 11560 | Lair:5   | Received a gift from Trog
 11848 | Lair:4   | Found a viscous altar of Jiyva.
 11850 | Lair:4   | Found a staircase to the Slime Pits.
 12434 | Lair:5   | Reached XP level 14. HP: 74/79 MP: 15/15
 12794 | Lair:5   | Reached skill level 17 in Axes
 12988 | Lair:5   | Reached skill level 10 in Armour
 12992 | Lair:5   | Received a gift from Trog
 13585 | Orc:1    | Entered Level 1 of the Orcish Mines
 13675 | Orc:1    | Noticed an orc warlord
 13726 | Orc:1    | Killed an orc warlord
 14118 | Orc:2    | Entered Level 2 of the Orcish Mines
 14187 | Orc:2    | Noticed an orc warlord
 14241 | Orc:2    | Killed an orc warlord
 14305 | Orc:2    | Found a staircase to the Elven Halls.
 14373 | Orc:2    | Found a runed translucent gate.
 14374 | Orc:2    | Found a runed translucent gate.
 14375 | Orc:2    | Found a runed translucent gate.
 14376 | Orc:2    | Noticed experimilk's ghost (journeyman TrGl)
 14611 | Orc:2    | Found Motzoiss's Antique Weapon Shop.
 14632 | Orc:2    | Noticed an orc warlord
 14676 | Orc:2    | Killed an orc warlord
 14800 | Orc:2    | Found Riypleano's Distillery.
 14800 | Orc:2    | Found Lubih's Assorted Antiques.
 14803 | Orc:2    | Received a gift from Trog
 14805 | Orc:2    | Reached skill level 18 in Axes
 14839 | Orc:2    | Reached XP level 15. HP: 54/85 MP: 16/16
 15012 | Orc:2    | Found Qone's Armour Shop.
 15020 | Orc:2    | Found Somi's Distillery.
 15030 | Orc:2    | Bought a translucent tin ring for 125 gold pieces
 15030 | Orc:2    | Identified the ring "Pidu" {rPois rF+ rCorr MP+9} (You
                  | bought it in a shop on level 2 of the Orcish Mines)
 15047 | Orc:2    | Bought a potion of might for 64 gold pieces
 15059 | Orc:2    | Bought a scroll of blinking for 187 gold pieces
 15483 | D:11     | Noticed Lodul
 15512 | D:11     | Killed Lodul
 16114 | D:12     | Identified the +4 whip of Iciutwoma {elec, Int+3}
 16125 | D:12     | Found a gate leading to a gauntlet.
 16129 | Gauntlet | Entered a Gauntlet
 16129 | Gauntlet | Found a transporter.
 16129 | Gauntlet | Found a transporter.
 16134 | Gauntlet | Found a transporter.
 16152 | Gauntlet | Found a transporter.
 16154 | Gauntlet | Found a large runed translucent door.
 16154 | Gauntlet | Found a large runed translucent door.
 16155 | Gauntlet | Found a large runed translucent door.
 16155 | Gauntlet | Found a large runed translucent door.
 16156 | Gauntlet | Found a large runed translucent door.
 16156 | Gauntlet | Found a large runed translucent door.
 16156 | Gauntlet | Found a runed translucent door.
 16156 | Gauntlet | Found a runed translucent door.
 16156 | Gauntlet | Found a large runed translucent door.
 16157 | Gauntlet | Found a large runed translucent door.
 16157 | Gauntlet | Found a large runed translucent door.
 16158 | Gauntlet | Found a large runed translucent door.
 16164 | Gauntlet | Found a large runed translucent door.
 16164 | Gauntlet | Found a large runed translucent door.
 16165 | Gauntlet | Found a large runed translucent door.
 16165 | Gauntlet | Found a large runed translucent door.
 16165 | Gauntlet | Found a large runed translucent door.
 16165 | Gauntlet | Found a large runed translucent door.
 16170 | Gauntlet | Found a runed translucent gate.
 16170 | Gauntlet | Found a runed translucent gate.
 16170 | Gauntlet | Found a runed translucent gate.
 16172 | Gauntlet | Found a transporter.
 16188 | Gauntlet | Found a transporter.
 16216 | Gauntlet | Found a transporter.
 16290 | Gauntlet | Found a transporter.
 16290 | Gauntlet | Found a transporter.
 16303 | Gauntlet | Found a transporter.
 16315 | Gauntlet | Found a transporter.
 16336 | Gauntlet | Found a transporter.
 16365 | Gauntlet | Found a transporter.
 16406 | Gauntlet | Found a transporter.
 16426 | Gauntlet | Found a transporter.
 16426 | Gauntlet | Found the -2 hat of the Alchemist {rElec rPois rF+ rC+ rN+
                  | Will+ rMut rCorr}
 16439 | Gauntlet | Found a transporter.
 16708 | Gauntlet | Identified the ring "Wuko" {rPois rF+ Int+6 Dex-5}
 16768 | Gauntlet | Identified the ring "Hoxadd" {rF+ Str+6}
 16787 | Gauntlet | Identified the +2 chain mail of Xoihetor {^Contam Int+6}
 16807 | Gauntlet | Identified the death talisman "Udivire" {+Blink rC+ Str-3}
 16807 | Gauntlet | Identified the staff "Pifasaot" {Fly rF- Str+5 Stlth+ Conj}
 16861 | D:12     | Noticed Erolcha
 16876 | D:12     | Killed Erolcha
 17468 | D:13     | Identified the +0 robe "Wimnonn" {rN+}
 17567 | D:13     | Found a gate to the Vaults.
 17655 | D:13     | Found Uras's Self-Published Books.
 18102 | D:14     | Noticed Louise
 18106 | D:14     | Noticed Jorgrun
 18114 | D:14     | Killed Jorgrun
 18115 | D:14     | Reached skill level 19 in Axes
 18118 | D:14     | Killed Louise
 18281 | D:14     | Found a shadowy altar of Dithmenos.
 18507 | D:14     | Identified the +6 dagger of Crusades {freeze, *Corrode
                  | rElec rC+ rN+++}
 18870 | D:14     | Upgraded the game from 0.32-a0-17-gb74e046682 to
                  | 0.32-a0-18-g89e19f1974
 18900 | D:15     | Entered Level 15 of the Dungeon
 18979 | D:15     | Found an ornate altar of the Wu Jian Council.
 19077 | D:15     | Reached XP level 16. HP: 91/91 MP: 17/17
 19488 | D:15     | Found a staircase to the Depths.
 19498 | D:15     | Gained mutation: You are clumsy. (Dex -2) [a shining eye]
 19914 | Snake:1  | Entered Level 1 of the Snake Pit
 20190 | Snake:1  | You fall into a shaft and drop 1 floor!
 20213 | Snake:2  | Noticed a nagaraja
 20238 | Snake:1  | Identified the +0 robe of Tuuroeq {rF- rCorr Str+7}
 21019 | Snake:1  | Identified the serpent talisman of Valiance {rC+ Int+3}
 21019 | Snake:1  | Noticed Aizul
 21028 | Snake:1  | Killed Aizul
 21407 | Snake:2  | Noticed a nagaraja
 21452 | Snake:2  | Killed a nagaraja
 21562 | Snake:2  | Killed a nagaraja
 22065 | Snake:2  | Identified a scroll of acquirement
 22065 | Snake:2  | Acquired a manual of Dodging
 22156 | Snake:2  | Found a transporter.
 22181 | Snake:2  | Found a transporter.
 22207 | Snake:2  | Reached skill level 20 in Axes
 22239 | Snake:2  | Received a gift from Trog
 22369 | Snake:2  | Found Cedeario's Magic Scroll Shop.
 22375 | Snake:2  | Bought 2 scrolls of teleportation for 66 gold pieces
 22375 | Snake:2  | Bought a scroll of fear for 44 gold pieces
 22375 | Snake:2  | Bought a scroll of teleportation for 33 gold pieces
 22375 | Snake:2  | Bought a scroll of teleportation for 33 gold pieces
 22375 | Snake:2  | Bought a scroll of summoning for 104 gold pieces
 22406 | Snake:2  | Found a sacrificial altar of Ru.
 22422 | Snake:2  | Reached XP level 17. HP: 98/98 MP: 9/18
 22422 | Snake:2  | Reached XP level 18. HP: 103/103 MP: 9/19
 22838 | Snake:2  | Reached skill level 15 in Fighting
 24103 | Snake:4  | Entered Level 4 of the Snake Pit
 24103 | Snake:4  | Noticed Vashnia
 24757 | Snake:4  | Shot with a bolt by a naga sharpshooter

Illustrated notes

Levels and vault maps discovered:
D:1:      grunt_arrival_crossed_arrows, layout_rooms, serial_shops,
          nicolae_shop_waterfront, hellmonk_ecumenical_altar_defaced_shrine
D:2:      layout_rooms, serial_shops, shop_statue, shop_coins,
          nicolae_shop_dealshenge, shop, nicolae_shop_window_shopping
D:3:      layout_basic, dreamdust_mushroom_princess, minmay_puff, uniq_terence,
          uniq_grinder, uniq_sigmund
D:4:      layout_basic, minmay_pentomino_pile, uniq_ijyb
D:5:      layout_gridville
D:6:      minmay_skewed_foursquare, layout_basic, chequers_mini_garden,
          kennysheep_crisscross, corexii_checkpoint
D:7:      minmay_s_stair_smasher, layout_basic,
          minmay_temple_entry_from_below_a, serial_shops, shop,
          nicolae_shop_just_a_little_nook, kennysheep_little_box, uniq_pikel
D:8:      layout_cave_pools, mainiacjoe_overflow_small_starburst, serial_glass,
          glass_columns_b, glass_columns_a, glass_columns_a, glass_columns_a,
          minmay_three_doors
D:9:      layout_loops_ring, lair_entry_dummy, minmay_orc_entry_temple_small,
          special_room [special_room_orc], enter_bailey_3
D:10:     layout_cave_pools, minmay_overflow_temple_star_hex,
          fiery_altar_vehumet, uniq_erica, uniq_joseph, uniq_fannar
D:11:     minmay_bloctagon_deflated, layout_long_grid, uniq_harold, uniq_lodul
D:12:     layout_gridville, gauntlet_entry_generic, uniq_erolcha
D:13:     layout_rooms, david_vaults_4, nicolae_custom_books,
          hangedman_decor_push
D:14:     layout_irregular_city, nicolae_dithmenos_shadow_blocks, uniq_jorgrun,
          uniq_louise
D:15:     gammafunk_enter_depths_forms, layout_basic,
          nicolae_wu_jian_wuxing_cycle
Lair:1:   layout_loops_ring, gammafunk_ghost_icy, serial_bayou_shore_b
Lair:2:   layout_cave_pods, minmay_shoals_entry_beasts,
          cheibrodos_lair_reptile_den, infiniplex_staircase_pool,
          grunt_megastairs_1, serial_bayou_shore_b
Lair:3:   layout_hall_layers, dummy_snake_entry, portal_ice_cave_entry_imps,
          grunt_megastairs_4
Lair:4:   layout_roguey, minmay_slime_entry_oklob_enclosed, pond
Lair:5:   minmay_lair_end_frog_pond, layout_regular_city, serial_forest,
          infiniplex_forest_end_3, infiniplex_forest_clump_double,
          infiniplex_forest_straight_4, infiniplex_forest_split,
          infiniplex_forest_pool, kennysheep_basilisk_garden
Snake:1:  layout_honeycomb, uniq_aizul
Snake:2:  gammafunk_the_bubble [the_bubble_gammafunk_grid], layout_basic,
          basic_altar, minmay_shop_star
Snake:3:  layout_cave_town, lemuel_fruit_tree
Snake:4:  hellmonk_snake_rune_quicksilver_temple, layout_chambers, basic_altar,
          uniq_vashnia
Orc:1:    layout_caves
Orc:2:    st_orc_elflike, layout_caves, serial_shops, nicolae_shop_peninsula,
          gammafunk_ghost_split

Skill      XL: |  1  2  3  4  5  6  7  8  9 10 11 12 13 14 15 16 17 18 |
---------------+-------------------------------------------------------+-----
Axes           | 3 5 7 8 10 13 15 16 18 19 20 | 20.5
Fighting       | 3 4 5 7 9 11 12 13 14 15 | 15.2
Armour         | 2 3 4 5 8 9 10 11 12 | 12.7
Dodging        | 2 3 4 5 6 7 |  7.0
Stealth        | 1 2 3 4 |  4.3
Shields        | 1 2 3 |  3.5

Action                     |  1- 3 |  4- 6 |  7- 9 | 10-12 | 13-15 | 16-18 || total
---------------------------+-------+-------+-------+-------+-------+-------++-------
  Melee: Hand axe          |    79 |    36 |   298 |   550 |       |       ||   963
         Bite              |    17 |    10 |    84 |   240 |   351 |   142 ||   844
         Punch             |     2 |       |     3 |    12 |     5 |       ||    22
         War axe           |       |       |       |    99 |    90 |       ||   189
         Scimitar          |       |       |       |     4 |       |       ||     4
         Battleaxe         |       |       |       |       |   732 |    71 ||   803
         Broad axe         |       |       |       |       |   167 |   221 ||   388
         Executioner's axe |       |       |       |       |       |    99 ||    99
 Invoke: Berserk           |     3 |     2 |     9 |    16 |    16 |     9 ||    55
         Trog's Hand       |     1 |       |     2 |     6 |     9 |     9 ||    27
         Brothers in Arms  |       |       |       |       |     4 |     1 ||     5
    Use: Scroll            |     1 |       |     9 |    15 |    12 |     5 ||    42
         Potion            |       |       |     4 |     2 |     2 |     4 ||    12
   Stab: Invisible         |       |       |     2 |       |       |       ||     2
         Distracted        |       |       |       |       |       |     1 ||     1
 Armour: Animal skin       |    13 |       |       |       |       |       ||    13
         Ring mail         |    12 |       |       |       |       |       ||    12
         Scale mail        |       |    14 |   102 |    97 |       |       ||   213
         Skin              |       |       |    20 |       |       |       ||    20
         Chain mail        |       |       |       |   202 |   751 |   486 ||  1439
  Dodge: Dodged            |    46 |    15 |   145 |   377 |   607 |   215 ||  1405
  Block: Other             |    13 |     2 |    51 |    27 |       |    10 ||   103
         Reflection        |       |       |     1 |     3 |       |    10 ||    14

Table legend: (Time is in decaauts)
 A = Elapsed time spent in this place.
 B = Non-inter-level travel time spent in this place.
 C = Inter-level travel time spent in this place.
 D = Time resting spent in this place.
 E = Time spent auto-exploring this place.
 F = Levels seen in this place.
 G = Mean time per level.
                   A        B        C        D        E       F      G
               +--------+--------+--------+--------+--------+-----+--------+
         Total |  24835 |  22346 |   2489 |   2449 |  13492 |  29 |  856.4 |
       Dungeon |  11644 |  10118 |   1526 |    692 |   6937 |  15 |  776.3 |
          Lair |   5010 |   4823 |    187 |    436 |   3296 |   5 | 1002.0 |
     Snake Pit |   4787 |   4358 |    429 |   1023 |   2342 |   4 | 1196.8 |
  Orcish Mines |   1813 |   1468 |    345 |    162 |    638 |   2 |  906.5 |
        Bailey |    278 |    278 |      0 |     32 |      0 |   1 |  278.0 |
      Ice Cave |    611 |    611 |      0 |     79 |    278 |   1 |  611.0 |
      Gauntlet |    689 |    689 |      0 |     24 |      0 |   1 |  689.0 |
               +--------+--------+--------+--------+--------+-----+--------+

Top non-repeatable levels by time:
 Snake:3: 1623 daAuts
 Snake:1: 1608 daAuts
     D:3: 1545 daAuts
 Snake:2: 1524 daAuts
  Lair:2: 1209 daAuts
   Orc:2: 1165 daAuts
  Lair:5: 1160 daAuts
     D:9: 1132 daAuts
     D:7: 1008 daAuts
  Lair:4: 923 daAuts
  Lair:3: 889 daAuts
    D:14: 887 daAuts
     D:4: 857 daAuts
  Lair:1: 827 daAuts
    D:11: 777 daAuts
